 Dungeon Crawl Stone Soup version 0.31-a0-795-g5eb97db20b (webtiles) character file.

Game seed: 8602099997647867407

(classic levelgen) 17010 Amnesiac the Thaumaturge (level 12, 0/93 HPs)
             Began as a Djinni Ice Elementalist on Sept 18, 2023.
             Was a Priest of Ashenzari.
             Slain by a wolf spider (19 damage)
             ... in a Gauntlet.
             The game lasted 00:40:26 (12698 turns).

Amnesiac the Thaumaturge (Djinni Ice Elementalist) Turns: 12698, Time: 00:40:26

Health: 0/93       AC:  8    Str:  9    XL:     12   Next: 77%
Gold:   607        EV: 11    Int: 26    God:    Ashenzari [***...] SH: 12 Dex: 17

rFire   + + +        z - +2 dagger of Trial by Ordeal {venom, +Blink rElec Str+2 Dex+3}
rCold   + + .        y - +0 kite shield "Tethered With Me" {rC++ Int+4, Self, Comp} (curse)
rNeg    . . .        x - +0 acid dragon scales "Pangnostic Incredulity" {rCorr, Comp, Self} (curse)
rPois   ∞            (helmet restricted)
rElec   +            g - scarf "Share My Water Diviner" {rC+ rF+, Melee, Fort} (curse)
rCorr   +            p - +1 pair of gloves of the Revealing Stoicism {Self, Cun} (curse)
SInv    +            (boots unavailable)
Will    +....        l - amulet of faith
Stlth   ++           i - ring "I Foresaw This" {SInv, Cun, Melee} (curse)
HPRegen 0.35/turn    (no ring)
MPRegen 0.00/turn

%: no teleportation, clarity, faith, infuse magic (-1 HP)
@: flying
A: sickness immunity, fire resistance 2, cold vulnerability 1, float, innate
caster, HP casting, extra vitality 1, antennae 1, sense surroundings 1,
MP-powered wands
a: Renounce Religion, Evoke Blink, Curse Item, Shatter the Chains


You were in a Gauntlet.
You worshipped Ashenzari.
Ashenzari was most pleased with you.
You visited 2 branches of the dungeon, and saw 12 of its levels.
You also visited: Ossuary, Bailey and Gauntlet.

You collected 969 gold pieces.
You spent 362 gold pieces at shops.

Inventory:

Hand Weapons
 e - a +2 dagger of venom
 z - the +2 dagger of Trial by Ordeal (weapon) {venom, +Blink rElec Str+2 Dex+3}
   (You bought it in a shop on level 6 of the Dungeon)

   Str+2:     It affects your strength (+2).
   Dex+3:     It affects your dexterity (+3).
   rElec:     It insulates you from electricity.
   +Blink:    It lets you blink.
Missiles
 D - a throwing net
 F - 9 curare-tipped darts
Armour
 g - the cursed scarf "Share My Water Diviner" (worn) {rC+ rF+, Melee, Fort}
   (You found it on level 2 of the Dungeon)

   It has a curse which improves the following skills: Melee Combat: Short
   Blades, Long Blades, Axes, Maces & Flails, Polearms, Staves and Unarmed
   Combat.
   Fortitude: Armour and Shields.
 p - the cursed +1 pair of gloves of the Revealing Stoicism (worn) {Self, Cun}
   (You found it on level 5 of the Dungeon)

   It has a curse which improves the following skills: Introspection: Fighting
   and Spellcasting.
   Cunning:   Dodging and Stealth.
 x - the cursed +0 acid dragon scales "Pangnostic Incredulity" (worn) {rCorr, Comp, Self}
   (You found it on level 6 of the Dungeon)

   rCorr:     It protects you from acid and corrosion.
   It has a curse which improves the following skills: Companions: Summonings
   and Necromancy.
   Introspection: Fighting and Spellcasting.
 y - the cursed +0 kite shield "Tethered With Me" (worn) {rC++ Int+4, Self, Comp}
   (You found it on level 6 of the Dungeon)

   Int+4:     It affects your intelligence (+4).
   rC++:      It greatly protects you from cold.
   It has a curse which improves the following skills: Introspection: Fighting
   and Spellcasting.
   Companions: Summonings and Necromancy.
 A - a +0 hat of stealth
 H - the +4 scale mail of Weirdness {rC+ Str+2}
   (You found it in a bailey)

   Str+2:     It affects your strength (+2).
   rC+:       It protects you from cold.
 I - the +1 ring mail of Dapsa {rCorr}
   (You found it on level 9 of the Dungeon)

   rCorr:     It protects you from acid and corrosion.
Magical Staves
 n - a staff of poison
Jewellery
 i - the cursed ring "I Foresaw This" (left hand) {SInv, Cun, Melee}
   (You found it on level 2 of the Dungeon)

   [ring of see invisible]

   SInv:      It lets you see invisible.
   It has a curse which improves the following skills: Cunning: Dodging and
   Stealth.
   Melee Combat: Short Blades, Long Blades, Axes, Maces & Flails, Polearms,
   Staves and Unarmed Combat.
 l - an amulet of faith (around neck)
 w - the ring of the Doge {Fly rF+++ rC+ rCorr Slay+2}
   (You found it in a Gauntlet)

   [ring of flight]

   Slay+2:    It affects your accuracy & damage with ranged weapons and melee
   (+2).
   rF+++:     It renders you almost immune to fire.
   rC+:       It protects you from cold.
   Fly:       It grants you flight.
   rCorr:     It protects you from acid and corrosion.
Talismans
 B - a flux talisman
 L - a serpent talisman
Wands
 j - a wand of quicksilver (13)
 k - a wand of paralysis (20)
 E - a wand of flame (2)
 J - a wand of roots (2)
Scrolls
 b - 5 scrolls of enchant weapon {!r}
 c - a scroll of summoning {!r}
 d - 2 scrolls of revelation {!r}
 h - 4 scrolls of fog {!r}
 q - 2 scrolls of enchant armour {!r}
 r - 2 scrolls of teleportation {!r}
 s - 2 scrolls of vulnerability {!r}
 t - 3 scrolls of poison {!r}
 C - 3 scrolls of identify {!r}
 G - a scroll of immolation {!r}
Potions
 a - a potion of enlightenment {!q}
 f - 4 potions of curing {!q}
 o - a potion of brilliance {!q}
 u - 4 potions of attraction {!q}
 v - 2 potions of resistance {!q}


   Skills:
 - Level 7.7(10.7) Fighting
 - Level 2.1(3.9) Dodging
 - Level 1.5(3.1) Stealth
 + Level 9.5(11.0) Shields
 * Level 12.4(15.3) Spellcasting
 * Level 12.4 Conjurations
 * Level 12.4 Hexes
   Level 0.0 Charms
 * Level 12.4(14.6) Summonings
 * Level 12.4(14.6) Necromancy
 * Level 12.4 Translocations
 * Level 12.4 Transmutations
 * Level 12.4 Fire Magic
 * Level 12.4 Ice Magic
 * Level 12.4 Air Magic
 * Level 12.4 Earth Magic
 * Level 12.4 Poison Magic


You knew the following spells:

 Your Spells              Type           Power      Damage    Failure   Level
a - Airstrike             Air            35%        2d(6-22)  1%          4
b - Frozen Ramparts       Ice            100%       1d16      1%          3
c - Summon Ice Beast      Ice/Summ       74%        N/A       1%          4
d - Sting                 Tmut/Pois      100%       1d8       1%          1
e - Poisonous Vapours     Pois/Air       100%       N/A       1%          2
f - Passwall              Tmut/Erth      59%        N/A       1%          2
g - Inner Flame           Hex/Fire       71%        N/A       1%          3
h - Freeze                Ice            100%       1d10      1%          1
z - Ozocubu's Armour      Ice            71%        N/A       1%          3
Your spell library was empty.

Dungeon Overview and Level Annotations

Branches:
Dungeon (11/15)            Temple (1/1) D:5            Lair (0/5) D:9
Ossuary (visited)          Bailey (visited)         Gauntlet (1/1)
    Orc: D:9-12

Altars:
Ashenzari
Cheibriados
Dithmenos
Elyvilon
Fedhas
Gozag
Hepliaklqana
Makhleb
Nemelex Xobeh
Okawaru
Qazlal
Ru
Trog
Uskayaw
Wu Jian
Xom
Yredelemnul
Zin
The Shining One

Shops:
D:5 ?   D:6 ([   D:10 [

Annotations:
Gauntlet 6 transporters, 2 runed translucent doors


Innate Abilities, Weirdness & Mutations

You are immune to sickness and miasma.
You are immune to poison.
Your flesh is very heat resistant. (rF++)
You are vulnerable to cold. (rC-)
You float through the air rather than walking.
You learn spells naturally, not from books.
Your magical power is your life essence.
You have superior vitality. (+4 MHP)
You have a pair of small antennae on your head.
You passively map a small area around you.
You expend health (3 HP) to strengthen your wands.


Message History

The jumping spider bites you but does no damage.
The wolf spider hits you. You block the wolf spider's attack.
The redback bites you!
* * * LOW HITPOINT WARNING * * *
The jumping spider barely misses you. The jumping spider bites you.
* * * LOW HITPOINT WARNING * * *
The wolf spider hits you.
* * * LOW HITPOINT WARNING * * *
The wolf spider bites you but does no damage.
The entropy weaver barely misses you.
You block the entropy weaver's attack. x2
The entropy weaver barely misses you.
The jumping spider attacks as it pursues you!
The jumping spider pounces on you.
* * * LOW HITPOINT WARNING * * *
The jumping spider barely misses you.
The entropy weaver casts a spell at you.
The redback bites you but does no damage.
You enter a dispersal trap!
The redback blinks!
The entropy weaver blinks!
The jumping spider leaps!
The jumping spider enters a dispersal trap!
The redback blinks!
The wolf spider blinks!
The entropy weaver blinks!
You blink.
The wolf spider enters a dispersal trap!
The redback blinks!
You blink.
The wolf spider blinks! x2; You blink.
You feel much better.
The jumping spider enters a dispersal trap!
You blink.
The wolf spider barely misses you. You block the wolf spider's attack.
You block the redback's attack. The wolf spider hits you.
* * * LOW HITPOINT WARNING * * *
The wolf spider bites you!
* * * LOW HITPOINT WARNING * * *
The jumping spider leaps!
The redback bites you.
* * * LOW HITPOINT WARNING * * *
You block the wolf spider's attack. x2
The redback attacks as it pursues you! The redback bites you!
* * * LOW HITPOINT WARNING * * *
The jumping spider leaps!
You see here a +0 whip.
You block the jumping spider's attack. The jumping spider misses you.
You block the jumping spider's attack. x2
There is a transporter here.
You enter the transporter and appear at another place.
You feel ready to blink again. The wolf spider closely misses you.
The wolf spider bites you.
* * * LOW HITPOINT WARNING * * *
The jumping spider closely misses you.
The jumping spider completely misses you.
A minotaur zombie comes into view.
Casting: Passwall (safe; 1% risk of failure)
Confirm with . or Enter, or press ? or * to list all spells.
Okay, then.
Casting: Passwall (safe; 1% risk of failure)
Confirm with . or Enter, or press ? or * to list all spells.
Aiming: Airstrike (mildly dangerous; 1% risk of failure)
Press: ? - help, Dir - move target, f - wolf spider
Aim: a wolf spider (empty space bonus: 7/8)
Okay, then.
Casting: Airstrike (mildly dangerous; 1% risk of failure)
Confirm with . or Enter, or press ? or * to list all spells.
Okay, then.
Unknown command.
You fail to use your ability.
The wolf spider hits you!!
You die...

..#..^..#...#.§##
..##...^#.^.#§§§# *
###^##©#....#§§##* #*
©©#..^###^.§#..≈# ,.# .
###....#.##)#..## .##.#
..#.^.#^...##..≈#*....,
, *
..#.B.#....s#..###..# *
..#..#....B.#..#s...#
..###########..#@...##
...............#.s.....#
⌠
.............∩.#....##Z#
##..#########..#©...# *
.#..#......s#..#....# *
.#..#.#+###$#..###....,
* .####.#..~#s#..≈# ..##
©#©©#.#.©≈#©#..##*..#
[####.#..~#[#..§# #


You could see an entropy weaver, a wolf spider, a jumping spider, 3 redbacks and
a minotaur zombie.

Vanquished Creatures
  Erica (D:9)
  2 two-headed ogres
  A boulder beetle (D:7)
  Urug (D:10)
  Pikel (D:8)
  A cyclops (D:11)
  A manticore (D:6)
  A deep elf pyromancer (D:10)
  6 elephants (Gauntlet)
  A torpor snail (Gauntlet)
  Maggie (D:8)
  2 unseen horrors
  A komodo dragon (D:9)
  A troll (D:10)
  A hornet (D:9)
  Prince Ribbit (D:6)
  Sigmund (D:3)
  A wraith (D:10)
  A shadow (Gauntlet)
  13 yaks (D:9)
  3 wyverns (D:9)
  A basilisk (D:9)
  A steam dragon (D:9)
  Edmund (D:6)
  3 sky beasts
  7 water moccasins
  5 orc warriors
  An ogre (D:4)
  2 black bears
  4 centaurs
  11 kobold brigands
  2 lemures (D:8)
  A gnoll sergeant (D:7)
  A bullfrog (D:7)
  3 scorpions
  12 killer bees
  3 howler monkeys
  A hound (D:4)
  3 jellies
  3 orc priests
  An iron imp (D:10)
  Ijyb (D:5)
  An iguana (D:4)
  2 sleepcaps
  An orc wizard (D:8)
  9 gnolls
  14 adders
  2 shadow imps
  4 white imps
  4 worms
  3 dart slugs
  25 orcs
  A bat zombie (D:10)
  7 endoplasms
  A giant cockroach (D:2)
  8 goblins
  10 hobgoblins
  6 jackals
  6 quokkas
  10 ball pythons
  5 bats
  7 frilled lizards
  A gnoll zombie (Ossuary)
  A hobgoblin zombie (Ossuary)
  43 kobolds
  A kobold zombie (Ossuary)
  3 orc zombies (Ossuary)
  6 rats
  A rat zombie (D:10)
291 creatures vanquished.

Vanquished Creatures (collateral kills)
  Maurice (D:11)
  An acid dragon (D:6)
  An ice beast (D:8)
  An orc warrior (D:7)
  An ogre (D:4)
  A killer bee (D:11)
  8 mummies (Ossuary)
  A kobold (D:11)
  2 kobold zombies (Ossuary)
17 creatures vanquished.

Grand Total: 308 creatures vanquished

Notes
Turn   | Place    | Note
-------+----------+-------------------------------------------
     0 | D:1      | Amnesiac the Djinni Ice Elementalist began the quest for
                  | the Orb.
     0 | D:1      | Amnesiac set off with the following spells memorised:
                  | Freeze, Frozen Ramparts, Ozocubu's Armour, Summon Ice
                  | Beast.
     0 | D:1      | Reached XP level 1. HP: 15/15 MP: 0/0
    55 | D:1      | Reached XP level 2. HP: 9/21 MP: 0/0
   327 | D:1      | Reached XP level 3. HP: 25/26 MP: 0/0
   327 | D:1      | Learned a level 1 spell: Sting
   591 | D:2      | Reached skill level 1 in Fighting
   656 | D:2      | Reached XP level 4. HP: 26/32 MP: 0/0
  1006 | D:2      | Found a faded altar of an unknown god.
  1043 | D:2      | Reached XP level 5. HP: 24/38 MP: 0/0
  1043 | D:2      | Learned a level 2 spell: Poisonous Vapours
  1515 | D:3      | Gained mutation: You have a pair of small antennae on your
                  | head. [potion of mutation]
  1515 | D:3      | Gained mutation: You are dopey. (Int -2) [potion of
                  | mutation]
  1515 | D:3      | Gained mutation: Your muscles are strong. (Str +4, Int/Dex
                  | -1) [potion of mutation]
  1932 | D:3      | Reached XP level 6. HP: 24/45 MP: 0/0
  2261 | D:3      | Noticed Sigmund
  2274 | D:3      | Killed Sigmund
  2275 | D:3      | Reached skill level 5 in Spellcasting
  2275 | D:3      | Reached skill level 5 in Conjurations
  2275 | D:3      | Reached skill level 5 in Hexes
  2275 | D:3      | Reached skill level 5 in Summonings
  2275 | D:3      | Reached skill level 5 in Necromancy
  2275 | D:3      | Reached skill level 5 in Translocations
  2275 | D:3      | Reached skill level 5 in Transmutations
  2275 | D:3      | Reached skill level 5 in Fire Magic
  2275 | D:3      | Reached skill level 5 in Ice Magic
  2275 | D:3      | Reached skill level 5 in Air Magic
  2275 | D:3      | Reached skill level 5 in Earth Magic
  2275 | D:3      | Reached skill level 5 in Poison Magic
  2275 | D:3      | Reached XP level 7. HP: 16/50 MP: 0/0
  2275 | D:3      | Learned a level 2 spell: Passwall
  3286 | D:4      | Reached XP level 8. HP: 56/58 MP: 0/0
  3395 | D:4      | Found a stormy altar of Qazlal.
  3458 | D:5      | Entered Level 5 of the Dungeon
  3490 | D:5      | Found a staircase to the Ecumenical Temple.
  3496 | Temple   | Entered the Ecumenical Temple
  3517 | Temple   | Became a worshipper of Ashenzari the Shackled
  3589 | D:5      | Noticed Ijyb
  3622 | D:5      | Killed Ijyb
  3892 | D:5      | Reached skill level 5 in Fighting
  4400 | D:5      | Found Epomeepuax's Magic Scroll Shoppe.
  4413 | D:5      | Bought a scroll of identify for 26 gold pieces
  4415 | D:5      | Bought a scroll of identify for 26 gold pieces
  4415 | D:5      | Bought a scroll of identify for 26 gold pieces
  4415 | D:5      | Bought a scroll of identify for 26 gold pieces
  4419 | D:5      | Bought a scroll of enchant weapon for 97 gold pieces
  4640 | D:6      | Noticed Edmund
  4815 | D:6      | Found a sand-covered staircase.
  4829 | D:6      | Killed Edmund
  4830 | D:6      | Reached XP level 9. HP: 31/66 MP: 0/0
  4830 | D:6      | Learned a level 3 spell: Inner Flame
  4838 | Ossuary  | Entered an ossuary
  5179 | Ossuary  | Reached * piety under Ashenzari
  5583 | D:6      | Noticed Prince Ribbit
  5590 | D:6      | Killed Prince Ribbit
  5691 | D:6      | Found an iron altar of Okawaru.
  6005 | D:6      | Noticed an unseen horror
  6025 | D:6      | Killed an unseen horror
  6151 | D:6      | Noticed a manticore
  6173 | D:6      | Killed a manticore
  6174 | D:6      | Reached XP level 10. HP: 15/75 MP: 0/0
  6321 | D:6      | Identified the +0 rapier of Emuumoj {elec, rN+ Str+3 Int-2}
  6331 | D:6      | Identified the +0 kite shield of Hotro {rC++ Int+4}
  6371 | D:6      | Reached ** piety under Ashenzari
  6424 | D:6      | Found Gailam's Antique Weapon Shoppe.
  6428 | D:6      | Bought a translucent dagger for 161 gold pieces
  6428 | D:6      | Identified the +2 dagger of Trial by Ordeal {venom, +Blink
                  | rElec Str+2 Dex+3} (You bought it in a shop on level 6 of
                  | the Dungeon)
  6436 | D:6      | Found Mablid's Armour Emporium.
  6436 | D:6      | Noticed an animated pearl dragon scales
  6436 | D:6      | Noticed an animated shadow dragon scales
  6449 | D:6      | Reached skill level 1 in Shields
  7471 | D:7      | Noticed a boulder beetle
  7508 | D:7      | Killed a boulder beetle
  7509 | D:7      | Reached skill level 5 in Shields
  7768 | D:8      | Reached *** piety under Ashenzari
  7804 | D:8      | Found a bloodstained altar of Trog.
  7866 | D:8      | Noticed Maggie
  7888 | D:8      | Killed Maggie
  7999 | D:8      | Noticed Pikel
  8006 | D:8      | Killed Pikel
  8007 | D:8      | Reached XP level 11. HP: 46/85 MP: 0/0
  8007 | D:8      | Learned a level 4 spell: Airstrike
  8060 | D:8      | Found a basalt altar of Yredelemnul.
  8386 | D:9      | Found a flagged portal.
  8416 | Bailey   | Entered a bailey
  8432 | Bailey   | Reached skill level 10 in Spellcasting
  8432 | Bailey   | Reached skill level 10 in Conjurations
  8432 | Bailey   | Reached skill level 10 in Hexes
  8432 | Bailey   | Reached skill level 10 in Summonings
  8432 | Bailey   | Reached skill level 10 in Necromancy
  8432 | Bailey   | Reached skill level 10 in Translocations
  8432 | Bailey   | Reached skill level 10 in Transmutations
  8432 | Bailey   | Reached skill level 10 in Fire Magic
  8432 | Bailey   | Reached skill level 10 in Ice Magic
  8432 | Bailey   | Reached skill level 10 in Air Magic
  8432 | Bailey   | Reached skill level 10 in Earth Magic
  8432 | Bailey   | Reached skill level 10 in Poison Magic
  8830 | Bailey   | Identified the +4 scale mail of Weirdness {rC+ Str+2}
  8831 | Bailey   | Found a burning altar of Makhleb.
  8898 | D:9      | Identified the +1 ring mail of Dapsa {rCorr}
  8934 | D:9      | Noticed a two-headed ogre
  8967 | D:9      | Killed a two-headed ogre
  9821 | D:9      | Found a staircase to the Lair.
 10245 | D:9      | Noticed Erica
 10264 | D:9      | Killed Erica
 10317 | D:9      | Reached XP level 12. HP: 77/93 MP: 0/0
 10575 | D:10     | Entered Level 10 of the Dungeon
 10587 | D:10     | Found Fidaiffose's Armour Emporium.
 10792 | D:10     | Noticed Urug
 10808 | D:10     | Killed Urug
 11220 | D:10     | Found a shimmering altar of Xom.
 11636 | D:10     | Found a snail-covered altar of Cheibriados.
 11847 | D:11     | Noticed a two-headed ogre
 11858 | D:11     | Killed a two-headed ogre
 11889 | D:11     | Noticed Maurice
 11893 | D:11     | Maurice stole a serpent talisman
 11895 | D:11     | Killed Maurice
 11908 | D:11     | Lost mutation: Your muscles are strong. (Str +4, Int/Dex
                  | -1) [potion of mutation]
 11908 | D:11     | Lost mutation: You are dopey. (Int -2) [potion of mutation]
 11908 | D:11     | Gained mutation: You passively map a small area around you.
                  | [potion of mutation]
 11908 | D:11     | Gained mutation: You expend health (3 HP) to strengthen
                  | your wands. [potion of mutation]
 11917 | D:11     | Found a gate leading to a gauntlet.
 11926 | Gauntlet | Entered a Gauntlet
 11926 | Gauntlet | Found a transporter.
 11926 | Gauntlet | Found a transporter.
 11926 | Gauntlet | Found a transporter.
 12170 | Gauntlet | Found a transporter.
 12182 | Gauntlet | Found a transporter.
 12183 | Gauntlet | Found a transporter.
 12184 | Gauntlet | Noticed an entropy weaver
 12194 | Gauntlet | Found a transporter.
 12204 | Gauntlet | Identified the ring of the Doge {Fly rF+++ rC+ rCorr
                  | Slay+2}
 12210 | Gauntlet | Found a runed translucent door.
 12212 | Gauntlet | Found a transporter.
 12214 | Gauntlet | Found a runed translucent door.
 12227 | Gauntlet | Found a transporter.
 12230 | Gauntlet | Found a transporter.
 12230 | Gauntlet | Identified the +1 cloak "Fapaj" {Dex+4}
 12230 | Gauntlet | Noticed a tengu warrior
 12238 | Gauntlet | Found a transporter.
 12241 | Gauntlet | Found a transporter.
 12241 | Gauntlet | Identified the ring "Ezxy" {rPois rF+ rC+ Str+6 Dex-5}
 12698 | Gauntlet | Slain by a wolf spider

Illustrated notes

Levels and vault maps discovered:
D:1:      minmay_arrival_plants_in_alcoves, layout_rooms,
          chequers_serial_rivers_small_3
D:2:      cheibrodos_old_hovel, layout_basic, nicolae_ecumenical_snake_handling
D:3:      layout_loops_corners, dk_vineyard_2, uniq_sigmund
D:4:      layout_cave_pools, general_overflow_altar
D:5:      layout_gridville, minmay_temple_entry_metal_lava, serial_shops,
          nicolae_shop_tiny_statue_garden, uniq_ijyb
D:6:      minmay_cornered_nines, layout_basic, kennysheep_little_box,
          serial_shops, nicolae_shop_mannequins, shop, enter_ossuary_5,
          uniq_prince_ribbit1, uniq_edmund
D:7:      layout_basic, nrook_campfire, hangedman_abyss_or_decor_stabs
D:8:      layout_rooms, nicolae_overflow_crystal_walls,
          nicolae_overflow_hidden_temple, uniq_maggie, uniq_pikel
D:9:      layout_loops_ring, minmay_lair_entry_grove, enter_bailey_4, uniq_erica
D:10:     layout_grid_maze, xom_teletrap_fun, slow_altar_2,
          lemuel_zombie_altar_kikubaaqudgha, serial_shops,
          nicolae_shop_tiny_glass, uniq_urug
D:11:     layout_small_grid, gauntlet_entry_generic, serial_shops,
          nicolae_square_shop, uniq_maurice, uniq_erolcha
Temple:   minmay_freezing_vapour_temple
Gauntlet: minmay_gauntlet_mixed_big_or_small [nicolae_gauntlet_arena_blocks,
          minmay_gauntlet_arena_77_mess, gammafunk_gauntlet_arena_chambers,
          minmay_gauntlet_arena_77_hold_the_fort, nicolae_gauntlet_swirl,
          minmay_gauntlet_arena_77_shame_cube, gauntlet_exit_hidden_loot]

Skill      XL: |  1  2  3  4  5  6  7  8  9 10 11 12 |
---------------+-------------------------------------+-----
Fighting       | 1 2 3 4 5 7 |  7.7
Spellcasting   | 4 5 6 7 8 9 11 12 | 12.4
Conjurations   | 4 5 6 7 8 9 11 12 | 12.4
Hexes          | 4 5 6 7 8 9 11 12 | 12.4
Summonings     | 4 5 6 7 8 9 11 12 | 12.4
Necromancy     | 4 5 6 7 8 9 11 12 | 12.4
Translocations | 4 5 6 7 8 9 11 12 | 12.4
Transmutations | 4 5 6 7 8 9 11 12 | 12.4
Fire Magic     | 4 5 6 7 8 9 11 12 | 12.4
Ice Magic      | 4 5 6 7 8 9 11 12 | 12.4
Air Magic      | 4 5 6 7 8 9 11 12 | 12.4
Earth Magic    | 4 5 6 7 8 9 11 12 | 12.4
Poison Magic   | 4 5 6 7 8 9 11 12 | 12.4
Shields        | 5 8 9 |  9.5
Dodging        | |  2.1
Stealth        | |  1.5

Action                     |  1- 3 |  4- 6 |  7- 9 | 10-12 || total
---------------------------+-------+-------+-------+-------++-------
  Melee: Unarmed           |     2 |       |       |       ||     2
         Dagger            |     1 |    20 |    41 |    37 ||    99
         Staff             |       |       |    10 |     1 ||    11
         Punch             |       |       |     2 |       ||     2
   Cast: Freeze            |    46 |    55 |    96 |    69 ||   266
         Poisonous Vapours |       |    33 |    76 |    84 ||   193
         Frozen Ramparts   |       |     4 |    14 |    23 ||    41
         Sting             |       |     2 |     4 |    10 ||    16
         Summon Ice Beast  |       |     1 |    11 |    14 ||    26
         Airstrike         |       |       |       |   145 ||   145
         Passwall          |       |       |       |     2 ||     2
         Inner Flame       |       |       |       |     1 ||     1
 Invoke: Curse Item        |       |       |     2 |     3 ||     5
Ability: Evoke Blink       |       |       |       |     1 ||     1
    Use: Potion            |       |     3 |     3 |     9 ||    15
         Scroll            |       |     2 |     7 |       ||     9
 Armour: Robe              |    16 |    29 |    89 |       ||   134
         Acid dragon scale |       |       |       |   162 ||   162
  Dodge: Dodged            |    14 |    25 |    75 |    98 ||   212
  Block: Kite shield       |       |       |       |    85 ||    85

Table legend: (Time is in decaauts)
 A = Elapsed time spent in this place.
 B = Non-inter-level travel time spent in this place.
 C = Inter-level travel time spent in this place.
 D = Time resting spent in this place.
 E = Time spent auto-exploring this place.
 F = Levels seen in this place.
 G = Mean time per level.
                   A        B        C        D        E       F      G
               +--------+--------+--------+--------+--------+-----+--------+
         Total |  12701 |  12476 |    225 |   3458 |   6563 |  15 |  846.7 |
       Dungeon |  10966 |  10741 |    225 |   2512 |   6260 |  11 |  996.9 |
        Temple |     44 |     44 |      0 |      0 |      0 |   1 |   44.0 |
       Ossuary |    449 |    449 |      0 |    188 |     88 |   1 |  449.0 |
        Bailey |    446 |    446 |      0 |    275 |     81 |   1 |  446.0 |
      Gauntlet |    794 |    794 |      0 |    483 |    134 |   1 |  794.0 |
               +--------+--------+--------+--------+--------+-----+--------+

Top non-repeatable levels by time:
     D:6: 1842 daAuts
     D:9: 1753 daAuts
    D:10: 1269 daAuts
     D:3: 1227 daAuts
     D:5: 1088 daAuts
     D:2: 859 daAuts
     D:7: 856 daAuts
Gauntlet: 794 daAuts
     D:4: 785 daAuts
     D:8: 639 daAuts
     D:1: 563 daAuts
 Ossuary: 449 daAuts
  Bailey: 446 daAuts
    D:11: 80 daAuts
  Temple: 44 daAuts
